 Dungeon Crawl Stone Soup version 0.31-b1-18-g61460d1e46 (webtiles) character file.

Game seed: 8133623038992372475

335 groovy9 the Conjurer (level 6, -5/32 HPs)
             Began as a Deep Elf Conjurer on Jan 17, 2024.
             Was a Priest of Vehumet.
             Slain by WalktheLine's ghost (17 damage)
             ... on level 4 of the Dungeon.
             The game lasted 00:13:42 (4804 turns).

groovy9 the Conjurer (Deep Elf Conjurer)            Turns: 4804, Time: 00:13:42

Health: -5/32      AC:  3    Str:  3    XL:     6   Next: 28%
Magic:  3/17       EV: 13    Int: 24    God:    Vehumet [***...]
Gold:   144        SH:  0    Dex: 17    Spells: 1/16 levels left

rFire   . . .        h - staff of alchemy
rCold   . . .        r - orb {mayhem}
rNeg    . . .        a - +0 robe
rPois   +            (no helmet)
rElec   .            (no cloak)
rCorr   .            t - +0 pair of gloves
SInv    .            (no boots)
Will    .....        (no amulet)
Stlth   ++           o - ring of wizardry
HPRegen 0.25/turn    (no ring)
MPRegen 0.15/turn

%: mayhem, wizardry (x1)
@: very slightly contaminated
A: agile 1, high MP 1, sense surroundings 2
a: Renounce Religion


You were on level 4 of the Dungeon.
You worshipped Vehumet.
Vehumet was most pleased with you.
You visited 1 branch of the dungeon, and saw 4 of its levels.
You also visited: Sewer.

You collected 264 gold pieces.
You spent 120 gold pieces at shops.

Inventory:

Armour
 a - a +0 robe (worn)
 r - an orb of mayhem (worn)
 t - a +0 pair of gloves (worn)
Magical Staves
 g - a staff of cold
 h - a staff of alchemy (weapon)
 k - a staff of earth
Jewellery
 o - a ring of wizardry (left hand)
Scrolls
 c - a scroll of immolation {unknown}
 d - 2 scrolls of poison
 i - 2 scrolls of identify {unknown}
 l - 2 scrolls of teleportation {unknown}
 m - a scroll of noise {unknown}
 n - a scroll of enchant weapon {unknown}
 p - 2 scrolls of enchant armour {unknown}
 q - a scroll of fog {unknown}
 s - a scroll of fear {unknown}
 y - a scroll of brand weapon {unknown}
Potions
 b - a potion of magic
 e - a potion of attraction {unknown}
 f - 2 potions of mutation
 j - 2 potions of enlightenment
 u - a potion of might {unknown}
 v - 3 potions of invisibility {unknown}
 w - 2 potions of haste {unknown}
 x - 2 potions of degeneration
 z - a potion of curing
 A - a potion of brilliance
 B - a potion of lignification {unknown}


   Skills:
 - Level 2.4 Dodging
 - Level 2.4 Stealth
 + Level 5.6 Spellcasting
 * Level 7.3 Conjurations


You had one spell level left.
You knew the following spells:

 Your Spells              Type           Power      Damage    Failure   Level
a - Magic Dart            Conj           100%       1d8       1%          1
b - Searing Ray           Conj           82%        2d7       1%          2
c - Fulminant Prism       Conj/Alch      18%        3d10      2%          4
d - Iskenderun's Mystic   Conj/Tloc      24%        2d7       2%          4
e - Flame Wave            Conj/Fire      24%        2d8       2%          4

Your spell library contained the following spells:

 Spells                   Type           Power      Damage    Failure   Level
 Inner Flame              Hex/Fire       6%         N/A       2%          3
 Apportation              Tloc           12%        N/A       3%          1
 Momentum Strike          Conj/Tloc      48%        3d9       1%          2
 Scorch                   Fire           12%        2d5       1%          2
 Hailstorm                Conj/Ice       24%        3d7       1%          3
 Blink                    Tloc           12%        N/A       4%          2
 Jinxbite                 Hex            12%        N/A       4%          2
 Lesser Beckoning         Tloc           12%        N/A       4%          2
 Summon Ice Beast         Ice/Summ       6%         N/A       10%         3
 Alistair's Intoxication  Alch           6%         N/A       63%         5
 Sculpt Simulacrum        Ice/Alch       5%         N/A       99%         6
 Summon Cactus Giant      Summ           3%         N/A       99%         6


Dungeon Overview and Level Annotations

Branches:
Dungeon (4/15)              Sewer (visited)
 Temple: D:4-7

Altars:
Gozag
Okawaru
Uskayaw
Vehumet
The Shining One

Shops:
D:4 !

Annotations:
D:4 WalktheLine's ghost, novice DrSh


Innate Abilities, Weirdness & Mutations

You are agile. (Dex +4, Str/Int -1)
You have an increased reservoir of magic. (+10% MP)
You passively map the area around you.


Message History

As you open the door, it creaks loudly!
Casting: Searing Ray (safe; 1% risk of failure)
Confirm with . or Enter, or press ? or * to list all spells.
You erupt in a blast of force!
The mystic blast hits WalktheLine's ghost!
WalktheLine's ghost is lightly damaged.
WalktheLine's ghost hits you.
Casting: Iskenderun's Mystic Blast (quite dangerous; 2% risk of failure)
Confirm with . or Enter, or press ? or * to list all spells.
You miscast Iskenderun's Mystic Blast.
You are very lightly contaminated with residual magic.
Nothing appears to happen.
WalktheLine's ghost barely misses you.
Casting: Iskenderun's Mystic Blast (quite dangerous; 2% risk of failure)
Confirm with . or Enter, or press ? or * to list all spells.
You erupt in a blast of force!
The mystic blast hits WalktheLine's ghost but does no damage.
WalktheLine's ghost is lightly damaged.
WalktheLine's ghost barely misses you.
Okay, then.
Okay, then.
Casting: Iskenderun's Mystic Blast (quite dangerous; 2% risk of failure)
Confirm with . or Enter, or press ? or * to list all spells.
Aiming: Searing Ray (safe; 1% risk of failure)
Press: ? - help, Shift-Dir - straight line, f - WalktheLine's ghost
Aim: WalktheLine's ghost (lightly damaged, 66% to hit)
The searing ray hits WalktheLine's ghost.
WalktheLine's ghost is lightly damaged. (Press . to maintain the ray.) WalktheLine's ghost hits you!
The searing ray hits WalktheLine's ghost.
WalktheLine's ghost is moderately damaged.
WalktheLine's ghost hits you!
Ouch! That really hurt!
* * * LOW HITPOINT WARNING * * *
The air fills with toxic fumes!
As you read the scroll labelled FYNTEM GALEVA, it crumbles to dust.
It was a scroll of poison.
WalktheLine's ghost closely misses you.
You feel better. WalktheLine's ghost hits you!
Ouch! That really hurt!
You die...

# #.# #.....### #.# ##.......#
#.# ####### #.......># ######.#
#§§§§§# #<.#.##..#
....##.#######§§§§§# #..#..#..#
.........#..§§§§§§§# #..##.#..#
...........###§§§§§# #..##.#..#
###.##.#.#####§§§§§###........#
#.##.#.# ##§§§@§§§######.#### #
#.##.#.###§§§#W#§§§## #.# #
#......§§§§§##§##§§§## #.# #
#......§§§§##§§§##§§§# #.# #
##..)..§§§##.§§§.##§§###.#
##.#..##§§.#⌠§§♣§§⌠#.§§...#
##.###.##§..##§§.§§##..#.###
..## ##......##§.§##.....#
##.###.##.#...##⌠##.....##


You could see WalktheLine's ghost.

Vanquished Creatures
  A bombardier beetle (D:3)
  9 adders
  4 gnolls (D:4)
  4 river rats (Sewer)
  2 ribbon worms
  An orc (D:3)
  8 ball pythons
  9 endoplasms
  13 giant cockroaches
  5 goblins
  6 hobgoblins
  6 jackals
  3 quokkas
  3 bats
  6 frilled lizards
  19 kobolds
  19 rats
118 creatures vanquished.

Vanquished Creatures (collateral kills)
  2 river rats (Sewer)
  A jackal (D:4)
  A kobold (Sewer)
  5 rats (Sewer)
9 creatures vanquished.

Grand Total: 127 creatures vanquished

Notes
Turn   | Place    | Note
-------+----------+-------------------------------------------
     0 | D:1      | groovy9 the Deep Elf Conjurer began the quest for the Orb.
     0 | D:1      | Reached XP level 1. HP: 10/10 MP: 6/6
    84 | D:1      | Reached XP level 2. HP: 15/15 MP: 0/8
   310 | D:1      | Learned a level 2 spell: Searing Ray
   336 | D:1      | Reached skill level 5 in Conjurations
   610 | D:1      | Reached XP level 3. HP: 19/19 MP: 6/10
   664 | D:1      | Found a faded altar of an unknown god.
   674 | D:1      | Prayed at the altar of an unknown god.
   674 | D:1      | Became a worshipper of Vehumet
   674 | D:1      | Reached * piety under Vehumet
   674 | D:1      | Offered knowledge of Freeze by Vehumet.
   681 | D:1      | Found a faded altar of an unknown god.
  1354 | D:2      | Reached XP level 4. HP: 15/24 MP: 8/12
  1417 | D:2      | Learned a level 4 spell: Fulminant Prism
  1422 | D:2      | Learned a level 4 spell: Iskenderun's Mystic Blast
  1837 | D:3      | Offered knowledge of Sting by Vehumet.
  1839 | D:3      | Reached ** piety under Vehumet
  2014 | D:3      | Found a glowing golden altar of the Shining One.
  2601 | D:3      | Reached skill level 6 in Conjurations
  2601 | D:3      | Reached XP level 5. HP: 10/28 MP: 5/14
  2871 | D:3      | Found an opulent altar of Gozag.
  3023 | D:3      | Found an iron altar of Okawaru.
  3023 | D:3      | Found a hide-covered altar of Uskayaw.
  3200 | D:4      | Found a runed translucent door.
  3200 | D:4      | Noticed WalktheLine's ghost (novice DrSh)
  3255 | D:4      | Found a glowing drain.
  3306 | Sewer    | Entered a sewer
  3388 | Sewer    | Offered knowledge of Mercury Vapours by Vehumet.
  3389 | Sewer    | Reached skill level 5 in Spellcasting
  3478 | Sewer    | Reached *** piety under Vehumet
  3605 | Sewer    | Gained mutation: You have hidden genetic potential. [potion
                  | of mutation]
  3605 | Sewer    | Gained mutation: You occasionally shout uncontrollably at
                  | your foes. [potion of mutation]
  3605 | Sewer    | Gained mutation: You have a pair of small horns on your
                  | head. [potion of mutation]
  3616 | Sewer    | Reached skill level 7 in Conjurations
  3700 | Sewer    | Lost mutation: You have hidden genetic potential. [potion
                  | of mutation]
  3700 | Sewer    | Lost mutation: You occasionally shout uncontrollably at
                  | your foes. [potion of mutation]
  3700 | Sewer    | Lost mutation: You have a pair of small horns on your head.
                  | [potion of mutation]
  3700 | Sewer    | Gained mutation: You have an increased reservoir of magic.
                  | (+10% MP) [potion of mutation]
  3700 | Sewer    | Gained mutation: You passively map a small area around you.
                  | [potion of mutation]
  3700 | Sewer    | Gained mutation: You passively map the area around you.
                  | [potion of mutation]
  3700 | Sewer    | Gained mutation: You are agile. (Dex +4, Str/Int -1)
                  | [potion of mutation]
  3747 | Sewer    | Reached XP level 6. HP: 32/32 MP: 10/17
  3924 | Sewer    | Offered knowledge of Inner Flame by Vehumet.
  4196 | D:4      | Found Woadask's Distillery.
  4394 | D:4      | Bought 2 potions of degeneration for 20 gold pieces
  4394 | D:4      | Bought a potion of curing for 30 gold pieces
  4394 | D:4      | Bought a potion of curing for 30 gold pieces
  4394 | D:4      | Bought a potion of brilliance for 40 gold pieces
  4683 | D:4      | Learned a level 4 spell: Flame Wave
  4804 | D:4      | Slain by WalktheLine's ghost

Illustrated notes

Levels and vault maps discovered:
D:1:      psy_arrival_whirlpool, layout_basic,
          hellmonk_ecumenical_altar_the_god_not_taken
D:2:      layout_loops_cross
D:3:      minmay_roachtagon, layout_basic, amcnicky_altar_gilded,
          gammafunk_temple_overflow_pools, nicolae_tso_carved_into_rock
D:4:      layout_loops_cross, hellmonk_ghost_happy_afterlife,
          gup_sewer_entry_glass, serial_shops, nicolae_shop_tiny_glass,
          chequers_serial_rivers_micro_c, serial_bayou_pond_d

Skill      XL: |  1  2  3  4  5 |
---------------+----------------+-----
Conjurations   | 5 6 7 |  7.3
Spellcasting   | 4 5 |  5.6
Dodging        | |  2.4
Stealth        | |  2.4

Action                     |  1- 3 |  4- 6 || total
---------------------------+-------+-------++-------
   Cast: Magic Dart        |    43 |    82 ||   125
         Searing Ray       |     6 |    29 ||    35
         Iskenderun's Myst |       |     6 ||     6
    Use: Potion            |       |     5 ||     5
         Scroll            |       |     1 ||     1
 Armour: Robe              |     4 |    12 ||    16
  Dodge: Dodged            |       |    11 ||    11
